 Dungeon Crawl Stone Soup version 0.19-a0-277-g85cb9a5 (webtiles) character file.

434 oplop the Sneak (level 6, -1/41 HPs)
             Began as a Vampire Enchanter on May 26, 2016.
             Was a Follower of Ukayaw.
             Splashed by a jelly's acid (6 damage)
             ... on level 5 of the Dungeon.
             The game lasted 00:06:29 (3224 turns).

oplop the Sneak (Vampire Enchanter)                 Turns: 3224, Time: 00:06:30

Health: -1/41      AC:  7    Str: 12    XL:     6   Next: 68%
Magic:  2/11       EV: 13    Int: 18    God:    Ukayaw [*.....]
Gold:   299        SH:  0    Dex: 16    Spells: 3 memorised, 6 levels left

rFire  . . .     SeeInvis +     a - +1 dagger
rCold  + + .     Gourm    .     b - +1 robe
rNeg   + + +     Faith    .     (no shield)
rPois  ∞         Spirit   .     B - +0 helmet {SInv}
rElec  .         Dismiss  .     i - +2 cloak
rCorr  .         Reflect  .     (no gloves)
SustAt .         Harm     .     (no boots)
MR     .....                    (no amulet)
Stlth  +++++.....               (no ring)
                                x - +5 ring of strength

@: bloodless, non-regenerating, not resistant to hostile enchantments, quite
stealthy
A: fangs 3, see invisible, unbreathing
a: Bat Form, Stomp, Renounce Religion


You were on level 5 of the Dungeon.
You worshipped Ukayaw.
Ukayaw was aware of your devotion.
You were bloodless.

You visited 2 branches of the dungeon, and saw 6 of its levels.

You collected 299 gold pieces.

Inventory:

Hand Weapons
 a - a +1 dagger (weapon)
Armour
 b - a +1 robe (worn)
 i - a +2 cloak (worn)
 l - a +2 hat
 B - a +0 helmet of see invisible (worn)
Jewellery
 x - a +5 ring of strength (left hand)
Wands
 y - a wand of disintegration (11/24)
Scrolls
 e - 2 scrolls of fog {unknown}
 g - 3 scrolls of remove curse {unknown}
 h - 4 scrolls of teleportation {unknown}
 j - 3 scrolls of blinking {unknown}
 n - a scroll of amnesia {unknown}
 o - 2 scrolls of recharging {unknown}
 q - a scroll of immolation {unknown}
 r - a scroll of enchant armour {unknown}
 s - 4 scrolls of identify {unknown}
 u - a scroll of noise {unknown}
 v - a scroll of fear {unknown}
Potions
 d - 4 potions of blood
 f - a potion of agility {unknown}
 k - 2 potions of might {unknown}
 m - a potion of cure mutation {unknown}
 p - a potion of lignification {unknown}
 t - 3 potions of heal wounds {unknown}
 w - a potion of mutation {unknown}
 z - 2 potions of curing {unknown}
 A - 2 potions of ambrosia {unknown}
Books
 c - a book of Maledictions

   Spells                             Type                      Level
   a - Corona                         Hexes                        1
   b - Ensorcelled Hibernation        Hexes/Ice                    2
   c - Confuse                        Hexes                        3
   d - Tukima's Dance                 Hexes                        3
   e - Dazzling Spray                 Conjuration/Hexes            3


   Skills:
 - Level 1.4 Short Blades
 - Level 2.8 Dodging
 + Level 7.3 Stealth
 + Level 3.9 Spellcasting
 + Level 6.9 Hexes
 - Level 1.2 Ice Magic


You had 6 spell levels left.
You knew the following spells:

 Your Spells              Type           Power        Failure   Level  Hunger
a - Corona                Hex            ####...      1%          1    None
b - Ensorcelled Hibernat  Hex/Ice        ###...       4%          2    ##.....
c - Confuse               Hex            ####....     2%          3    ###....


Dungeon Overview and Level Annotations

Branches:
Dungeon (5/15)             Temple (1/1) D:5

Altars:
Ashenzari
Cheibriados
Dithmenos
Elyvilon
Hepliaklqana
Kikubaaqudgha
Makhleb
Nemelex Xobeh
Okawaru
Pakellas
Qazlal
Trog
Ukayaw
Vehumet
Xom
Zin
The Shining One


Innate Abilities, Weirdness & Mutations

You do not heal naturally.
You are immune to poison.
You have razor-sharp teeth.
You have supernaturally acute eyesight. (SInv)
You can survive without breathing.


Message History

The acid burns!
Casting: Confuse
Confirm with . or Enter, or press ? or * to list all spells.
Aiming: Confuse
Press: ? - help, Shift-Dir - straight line, f/p - jelly
Aim: a jelly (moderately wounded, chance to defeat MR: 66%)
The jelly appears confused.
You hit the jelly.
Your hands burn!
* * * LOW HITPOINT WARNING * * *
You bite the jelly, but do no damage.
The jelly is heavily wounded.
Found 11 gold pieces.
You hit the jelly.
Your hands burn!
* * * LOW HITPOINT WARNING * * *
You bite the jelly.
The jelly is almost dead.
The jelly hits you.
* * * LOW HITPOINT WARNING * * *
You are splashed with acid!
The acid burns!
You die...

.................#
.................#
####.............#
#..(..........#
#.............#
#.............#
#....(........#
#.J...........#
#.@...........#
#.............#
#####
#.............#
....#
...#######......#
....# .....
#......# ....#
..... #......#
....+ ....
######## ....###
...$ ......#


You could see a jelly (confused).

Vanquished Creatures
  An ice beast (D:5)
  2 scorpions (D:4)
  A crimson imp (D:3)
  2 hounds (D:4)
  An iguana (D:4)
  2 worker ants
  2 worms (D:2)
  8 giant geckos
  An orc (D:3)
  5 giant cockroaches
  9 hobgoblins
  3 jackals (D:2)
  A quokka (D:3)
  2 ball pythons
  4 bats
  9 giant newts
  5 goblins
  8 kobolds
  A quokka skeleton (D:4)
  8 rats
75 creatures vanquished.

Notes
Turn   | Place    | Note
--------------------------------------------------------------
     0 | D:1      | oplop the Vampire Enchanter began the quest for the Orb.
     0 | D:1      | Reached XP level 1. HP: 13/13 MP: 3/3
   107 | D:1      | Reached XP level 2. HP: 4/19 MP: 1/5
   308 | D:1      | Reached skill level 5 in Stealth
   854 | D:2      | Reached XP level 3. HP: 24/24 MP: 2/6
   904 | D:2      | Learned a level 2 spell: Ensorcelled Hibernation
   908 | D:2      | Learned a level 3 spell: Confuse
  1168 | D:2      | Found a burning altar of Makhleb.
  1218 | D:2      | Reached skill level 5 in Hexes
  1535 | D:3      | jacquesderrida: Хай
  1561 | D:3      | Found a faded altar to an unknown god.
  1566 | D:3      | jacquesderrida: Лобер, тоже дупзишь, шо ль
  1578 | D:3      | Reached XP level 4. HP: 30/30 MP: 4/7
  1779 | D:3      | jacquesderrida: Ясн
  1807 | D:3      | jacquesderrida: нойс
  1949 | D:3      | Found a hazy altar of Hepliaklqana.
  1997 | D:4      | Reached skill level 6 in Stealth
  1997 | D:4      | Reached skill level 1 in Ice Magic
  1997 | D:4      | Reached XP level 5. HP: 28/35 MP: 5/9
  2304 | D:4      | Found a sparkling altar of Nemelex Xobeh.
  2417 | D:4      | Found a shadowy altar of Dithmenos.
  2477 | D:4      | Reached XP level 6. HP: 35/41 MP: 0/11
  2746 | D:5      | Entered Level 5 of the Dungeon
  2779 | D:5      | Found a glowing golden altar of the Shining One.
  2791 | D:5      | Reached skill level 7 in Stealth
  2888 | D:5      | Found a staircase to the Ecumenical Temple.
  2942 | Temple   | Entered the Ecumenical Temple
  3006 | Temple   | Became a worshipper of Ukayaw the Reveler
  3141 | D:5      | Noticed an ice beast
  3158 | D:5      | Reached * piety under Ukayaw
  3165 | D:5      | Killed an ice beast
  3165 | D:5      | Reached ** piety under Ukayaw
  3224 | D:5      | Splashed by a jelly's acid

Vault maps used:
D:1:      dpeg_arrival_signposts, serial_glass, glass_columns_a, glass_columns_a
D:2:      bloody_makhleb, minmay_stone_trees_small
D:3:      marbit_many_paths, first_bread, ecumenical_altar_2, minmay_lizard_king
D:4:      nemelex_xobeh_ov_fountains_minmay, nicolae_overflow_crystal_walls
D:5:      kennysheep_mini_moat, uniq_crazy_yiuf_cottage
Temple:   circular_temple_12

Skill      XL: |  1  2  3  4  5  6 |
---------------+-------------------+-----
Stealth        | 5 6 7 |  7.3
Hexes          | 5 6 |  6.9
Ice Magic      | 1 |  1.2
Spellcasting   | 3 |  3.9
Short Blades   | |  1.4
Dodging        | |  2.8

Action                   |  1- 3 |  4- 6 || total
-------------------------+-------+-------++-------
Melee: Dagger            |   157 |   126 ||   283
       Bite              |    11 |    12 ||    23
 Cast: Corona            |     7 |     1 ||     8
       Confuse           |     5 |    11 ||    16
       Ensorcelled Hiber |       |    12 ||    12
 Abil: End Transformatio |       |     2 ||     2
       Bat Form          |       |     2 ||     2
 Stab: Sleeping          |    16 |    11 ||    27
       Confused          |     4 |     4 ||     8
  Eat: Corpse            |     3 |       ||     3
Armor: Robe              |    45 |    28 ||    73
Dodge: Dodged            |    95 |    75 ||   170
